3L
BUCKHEAD BOWTIES @ HOUSTON 1837 BBC
09/02/2028
 
TOP OF THE 1ST
Buckhead Bowties batting - Pitching for Houston 1837 BBC : RHP Gary Bailey
Pitching: RHP Gary Bailey
Batting: RHB Mesa Altuve 0-0: Called Strike
0-1: Ball
1-1: Foul Ball, location: 2F
1-2: Foul Ball, location: 2F
1-2: Strikes out swinging
Batting: RHB Al Thomas 0-0: Called Strike
0-1: Ground out 5-3 (Groundball, 56)
Batting: RHB Pat Ings 0-0: Fly out, F9 (Flyball, 9LM)
Top of the 1st over - 0 run(s), 0 hit(s), 0 error(s), 0 left on base; Buckhead 0 - Houston 0
BOTTOM OF THE 1ST
Houston 1837 BBC batting - Pitching for Buckhead Bowties : LHP António Castillo
Pitching: LHP António Castillo
Batting: LHB Damian Delaney 0-0: Ball
1-0: Ball
2-0: Ball
3-0: Called Strike
3-1: Ground out U3 (Groundball, 34)
Batting: RHB Kenny Fleming 0-0: Ball
1-0: Ground out 1-3 (Groundball, 13S)
Batting: RHB Bob Dickerson 0-0: Ball
1-0: Called Strike
1-1: Ball
2-1: DOUBLE (Flyball, 78XD)
Batting: LHB Scott Kerin 0-0: Ball
1-0: Ball
2-0: Foul Ball, location: 2F
2-1: Ball
3-1: 2-RUN HOME RUN (Flyball, 7D), Distance : 388 ft
Batting: SHB Galtero Suárez 0-0: Ball
1-0: Ball
2-0: Called Strike
2-1: Fly out, F6 (Popup, 56D)
Bottom of the 1st over - 2 run(s), 2 hit(s), 0 error(s), 0 left on base; Buckhead 0 - Houston 2
TOP OF THE 2ND
Buckhead Bowties batting - Pitching for Houston 1837 BBC : RHP Gary Bailey
Batting: LHB Gregg Young 0-0: Ball
1-0: Foul Ball, location: 2F
1-1: Swinging Strike
1-2: Ball
2-2: Foul Ball, location: 2F
2-2: Foul Ball, location: 2F
2-2: Strikes out swinging
Batting: RHB Ricardo Cardenas 0-0: Ball
1-0: Foul Ball, location: 2F
1-1: Swinging Strike
1-2: Foul Ball, location: 2F
1-2: Ball
2-2: Ball
3-2: Base on Balls
Batting: RHB Mike Burns 0-0: Called Strike
0-1: Foul Ball, location: 2F
0-2: Ball
Ricardo Cardenas steals 2nd base
1-2: Foul Ball, location: 2F
1-2: Strikes out swinging
Batting: RHB Freddy Carea 0-0: Ball
1-0: Called Strike
1-1: Swinging Strike
1-2: Strikes out swinging
Top of the 2nd over - 0 run(s), 0 hit(s), 0 error(s), 1 left on base; Buckhead 0 - Houston 2
BOTTOM OF THE 2ND
Houston 1837 BBC batting - Pitching for Buckhead Bowties : LHP António Castillo
Batting: LHB Guillermo Arellano 0-0: Called Strike
0-1: Fly out, F7 (Flyball, 7D)
Batting: RHB Luis Tapia 0-0: Ball
1-0: Ball
2-0: Called Strike
2-1: Foul Ball, location: 2F
2-2: Strikes out swinging
Batting: RHB David Gómez 0-0: Ball
1-0: Swinging Strike
1-1: Ball
2-1: SINGLE (Flyball, 8RS)
Batting: RHB Rubén Marino 0-0: Ball
1-0: DOUBLE (Flyball, 89M)
David Gómez to third
Batting: LHB Damian Delaney 0-0: Called Strike
0-1: Swinging Strike
0-2: Ball
1-2: Foul Ball, location: 2F
1-2: Foul Ball, location: 2F
1-2: Strikes out swinging
Bottom of the 2nd over - 0 run(s), 2 hit(s), 0 error(s), 2 left on base; Buckhead 0 - Houston 2
TOP OF THE 3RD
Buckhead Bowties batting - Pitching for Houston 1837 BBC : RHP Gary Bailey
Batting: RHB Juan Carlos Cruz 0-0: Called Strike
0-1: Ball
1-1: Fly out, F9 (Line Drive, 9S)
Batting: RHB Won-min Yi 0-0: Called Strike
0-1: Foul Ball, location: 2F
0-2: Ground out 5-3 (Groundball, 56)
Batting: RHB Mesa Altuve 0-0: Called Strike
0-1: Ball
1-1: SINGLE (Groundball, 6MD)
Batting: RHB Al Thomas 0-0: 2-RUN HOME RUN (Flyball, 9D), Distance : 380 ft
Batting: RHB Pat Ings 0-0: Called Strike
0-1: Called Strike
0-2: Ball
1-2: Strikes out swinging, 2-3 out at first.
Top of the 3rd over - 2 run(s), 2 hit(s), 0 error(s), 0 left on base; Buckhead 2 - Houston 2
BOTTOM OF THE 3RD
Houston 1837 BBC batting - Pitching for Buckhead Bowties : LHP António Castillo
Batting: RHB Kenny Fleming 0-0: Fly out, F7 (Flyball, 78D)
Batting: RHB Bob Dickerson 0-0: Ball
1-0: Ball
2-0: Called Strike
2-1: Swinging Strike
2-2: Ball
3-2: Foul Ball, location: 2F
3-2: Ground out 4-3 (Groundball, 4)
Batting: LHB Scott Kerin 0-0: Ball
1-0: Called Strike
1-1: Ball
2-1: Called Strike
2-2: Strikes out looking
Bottom of the 3rd over - 0 run(s), 0 hit(s), 0 error(s), 0 left on base; Buckhead 2 - Houston 2
TOP OF THE 4TH
Buckhead Bowties batting - Pitching for Houston 1837 BBC : RHP Gary Bailey
Batting: LHB Gregg Young 0-0: Ball
1-0: Fly out, F8 (Flyball, 8RM)
Batting: RHB Ricardo Cardenas 0-0: Called Strike
0-1: Swinging Strike
0-2: Ball
1-2: Strikes out looking
Batting: RHB Mike Burns 0-0: Ball
1-0: Foul Ball, location: 2F
1-1: Foul Ball, location: 2F
1-2: SINGLE (Line Drive, 4MD)
Batting: RHB Freddy Carea 0-0: Ball
1-0: Ball
2-0: Called Strike
2-1: Foul Ball, location: 2F
2-2: Foul Ball, location: 2F
2-2: Fly out, F8 (Flyball, 8LM)
Top of the 4th over - 0 run(s), 1 hit(s), 0 error(s), 1 left on base; Buckhead 2 - Houston 2
BOTTOM OF THE 4TH
Houston 1837 BBC batting - Pitching for Buckhead Bowties : LHP António Castillo
Batting: SHB Galtero Suárez 0-0: Called Strike
0-1: Called Strike
0-2: Ball
1-2: Ball
2-2: Strikes out swinging, 2-3 out at first.
Batting: LHB Guillermo Arellano 0-0: Ball
1-0: Foul Ball, location: 2F
1-1: Ball
2-1: Foul Ball, location: 2F
2-2: Ball
3-2: Base on Balls
Batting: RHB Luis Tapia 0-0: Ball
1-0: Grounds into double play, 6-4-3 (Groundball, 6)
Bottom of the 4th over - 0 run(s), 0 hit(s), 0 error(s), 0 left on base; Buckhead 2 - Houston 2
TOP OF THE 5TH
Buckhead Bowties batting - Pitching for Houston 1837 BBC : RHP Gary Bailey
Batting: RHB Juan Carlos Cruz 0-0: Foul Ball, location: 2F
0-1: Swinging Strike
0-2: Foul Ball, location: 2F
0-2: Strikes out swinging
Batting: RHB Won-min Yi 0-0: Ball
1-0: Swinging Strike
1-1: Ball
2-1: Ball
3-1: Fly out, F6 (Popup, 6MD)
Batting: RHB Mesa Altuve 0-0: Called Strike
0-1: Swinging Strike
0-2: Foul Ball, location: 2F
0-2: Ball
1-2: Strikes out swinging
Top of the 5th over - 0 run(s), 0 hit(s), 0 error(s), 0 left on base; Buckhead 2 - Houston 2
BOTTOM OF THE 5TH
Houston 1837 BBC batting - Pitching for Buckhead Bowties : LHP António Castillo
Batting: RHB David Gómez 0-0: Ball
1-0: Ball
2-0: Bunt missed!
2-1: Swinging Strike
2-2: Foul Ball, location: 2F
2-2: Strikes out swinging
Batting: RHB Rubén Marino 0-0: Called Strike
0-1: Ball
1-1: Called Strike
1-2: Strikes out swinging
Batting: LHB Damian Delaney 0-0: Ball
1-0: Fly out, F8 (Flyball, 8RD)
Bottom of the 5th over - 0 run(s), 0 hit(s), 0 error(s), 0 left on base; Buckhead 2 - Houston 2
TOP OF THE 6TH
Buckhead Bowties batting - Pitching for Houston 1837 BBC : RHP Gary Bailey
Batting: RHB Al Thomas 0-0: Ball
1-0: Ball
2-0: Fly out, F9 (Line Drive, 89M)
Batting: RHB Pat Ings 0-0: Called Strike
0-1: Swinging Strike
0-2: Strikes out looking
Batting: LHB Gregg Young 0-0: Ball
1-0: Ball
2-0: SINGLE (Groundball, 23) (infield hit)
Batting: RHB Ricardo Cardenas 0-0: Ball
1-0: Called Strike
1-1: Fly out, F9 (Flyball, 9S)
Top of the 6th over - 0 run(s), 1 hit(s), 0 error(s), 1 left on base; Buckhead 2 - Houston 2
BOTTOM OF THE 6TH
Houston 1837 BBC batting - Pitching for Buckhead Bowties : LHP António Castillo
Batting: RHB Kenny Fleming 0-0: Ball
1-0: Called Strike
1-1: Foul Ball, location: 2F
1-2: Ball
2-2: Strikes out swinging
Batting: RHB Bob Dickerson 0-0: Ball
1-0: Fly out, F8 (Flyball, 8RM)
Batting: LHB Scott Kerin 0-0: Ball
1-0: Ball
2-0: Ball
3-0: Base on Balls
Batting: SHB Galtero Suárez 0-0: Ball
1-0: Called Strike
1-1: Foul Ball, location: 2F
1-2: Ball
2-2: Ball
3-2: Ground out 6-3 (Groundball, 6)
Bottom of the 6th over - 0 run(s), 0 hit(s), 0 error(s), 1 left on base; Buckhead 2 - Houston 2
TOP OF THE 7TH
Buckhead Bowties batting - Pitching for Houston 1837 BBC : RHP Gary Bailey
Batting: RHB Mike Burns 0-0: Ball
1-0: Ball
2-0: Ball
3-0: Called Strike
3-1: DOUBLE (Line Drive, 8LXD)
Batting: RHB Freddy Carea 0-0: Intentional Walk
Pinch Hitting: RHB Raúl Ruíz 0-0: Called Strike
0-1: Swinging Strike
0-2: Ball
1-2: Foul Ball, location: 2F
1-2: Strikes out swinging
Batting: RHB Won-min Yi 0-0: Fly out, F3 (Flyball, 3DF)
Batting: RHB Mesa Altuve 0-0: Foul Ball, location: 2F
0-1: Swinging Strike
0-2: Ball
1-2: Ground out 4-3 (Groundball, 4M)
Top of the 7th over - 0 run(s), 1 hit(s), 0 error(s), 2 left on base; Buckhead 2 - Houston 2
BOTTOM OF THE 7TH
Houston 1837 BBC batting - Pitching for Buckhead Bowties : LHP António Castillo
Now in LF: Albert Morales
Batting: LHB Guillermo Arellano 0-0: Ball
1-0: Ball
2-0: Ball
3-0: Base on Balls
Batting: RHB Luis Tapia 0-0: Sac Bunt - play at second, runner safe!
Batting: RHB David Gómez 0-0: Foul Ball, location: 2F
0-1: Called Strike
0-2: Ball
1-2: Fly out, F4 (Line Drive, 4)
Pitching: RHP Orlando Miranda
Pinch Hitting: LHB Mike Hanson 0-0: Foul Ball, location: 2F
0-1: Ball
1-1: SINGLE (Line Drive, 89M)
Guillermo Arellano to third
Luis Tapia to second
Batting: LHB Damian Delaney 0-0: Swinging Strike
0-1: Foul Ball, location: 2F
0-2: Ball
1-2: Strikes out swinging
Batting: RHB Kenny Fleming 0-0: Foul Ball, location: 2F
0-1: Swinging Strike
0-2: Ball
1-2: Strikes out swinging
Bottom of the 7th over - 0 run(s), 1 hit(s), 0 error(s), 3 left on base; Buckhead 2 - Houston 2
TOP OF THE 8TH
Buckhead Bowties batting - Pitching for Houston 1837 BBC : RHP Gary Bailey
Now at 3B: Mark McClear
Batting: RHB Al Thomas 0-0: Called Strike
0-1: Ball
1-1: Foul Ball, location: 2F
1-2: Foul Ball, location: 2F
1-2: Foul Ball, location: 2F
1-2: Foul Ball, location: 2F
1-2: Fly out, F7 (Flyball, 7)
Pitching: RHP Francisco García
Batting: RHB Pat Ings 0-0: Foul Ball, location: 2F
0-1: Ball
1-1: Foul Ball, location: 2F
1-2: Ball
2-2: Strikes out swinging
Batting: LHB Gregg Young 0-0: Ball
1-0: Ball
2-0: Called Strike
2-1: Foul Ball, location: 2F
2-2: Foul Ball, location: 2F
2-2: Strikes out looking
Top of the 8th over - 0 run(s), 0 hit(s), 0 error(s), 0 left on base; Buckhead 2 - Houston 2
BOTTOM OF THE 8TH
Houston 1837 BBC batting - Pitching for Buckhead Bowties : RHP Orlando Miranda
Batting: RHB Bob Dickerson 0-0: Ground out 6-3 (Groundball, 6S)
Batting: LHB Scott Kerin 0-0: Called Strike
0-1: Called Strike
0-2: Ball
1-2: Ball
2-2: Strikes out swinging
Batting: SHB Galtero Suárez 0-0: Ball
1-0: Ball
2-0: Called Strike
2-1: Ball
3-1: SOLO HOME RUN (Flyball, 89XD), Distance : 432 ft
Batting: LHB Guillermo Arellano 0-0: Ball
1-0: Foul Ball, location: 2F
1-1: Ball
2-1: DOUBLE (Flyball, 7D)
Batting: RHB Luis Tapia 0-0: Ball
1-0: Ball
2-0: Ball
3-0: Called Strike
3-1: SINGLE (Line Drive, 56D)
Guillermo Arellano to third
Runner from 3rd tries for Home, SAFE, no throw
Pitching: RHP Kyle Buckman
Batting: RHB David Gómez 0-0: Ball
1-0: Foul Ball, location: 2F
1-1: Ball
2-1: Called Strike
2-2: Strikes out swinging
Bottom of the 8th over - 2 run(s), 3 hit(s), 0 error(s), 1 left on base; Buckhead 2 - Houston 4
TOP OF THE 9TH
Buckhead Bowties batting - Pitching for Houston 1837 BBC : RHP Francisco García
Pitching: RHP Ash Wooden
Batting: RHB Ricardo Cardenas 0-0: Fly out, F5 (Popup, 5)
Batting: RHB Mike Burns 0-0: Ball
1-0: Ball
2-0: Called Strike
2-1: Foul Ball, location: 2F
2-2: Strikes out swinging
Batting: RHB Freddy Carea 0-0: Foul Ball, location: 2F
0-1: Foul Ball, location: 2F
0-2: Ball
1-2: Strikes out swinging
Top of the 9th over - 0 run(s), 0 hit(s), 0 error(s), 0 left on base; Buckhead 2 - Houston 4
Thursday, August 31st, 2017 - OOTP Baseball 17.12 Build 75